 Dungeon Crawl Stone Soup version 0.30-a0-924-g0ad0bf95bc (webtiles) character file.

Game seed: 15979395597130767967

4520 jlumianski the Cleaver (level 10, 0/79 HPs)
             Began as a Demonspawn Fighter on Mar 22, 2023.
             Was a Believer of Qazlal.
             Slain by a kobold brigand
             ... wielding a +0 war axe
              (9 damage)
             ... in a bailey.
             The game lasted 00:30:28 (6710 turns).

jlumianski the Cleaver (Demonspawn Fighter)         Turns: 6710, Time: 00:30:29

Health: 0/79       AC: 11    Str: 20    XL:     10   Next: 17%
Magic:  13/15      EV:  9    Int: 11    God:    Qazlal [**....]
Gold:   523        SH: 11    Dex: 12    Spells: 9/9 levels left

rFire   + . .      SeeInvis .    Q - +0 broad axe
rCold   . . .      Faith    .    y - +0 kite shield
rNeg    . . .      Spirit   .    f - +0 chain mail
rPois   .          Reflect  .    (helmet restricted)
rElec   .          Rampage  .    x - +0 cloak
rCorr   +                        (no gloves)
Will    ++...                    (no boots) Stlth
                                 (no amulet)
HPRegen 0.33/turn                h - ring of fire
MPRegen 0.14/turn                o - ring "Haiklipn" {rC+ Will++ rCorr}

@: no status effects
A: horns 1, demonic guardian 1, spiny 1, sturdy frame 2
a: Renounce Religion, Upheaval


You were in a bailey.
You worshipped Qazlal.
Qazlal was pleased with you.
You visited 1 branch of the dungeon, and saw 12 of its levels.
You also visited: Bailey.

You collected 751 gold pieces.
You spent 228 gold pieces at shops.

Inventory:

Hand Weapons
 a - a +0 war axe
 t - a +1 whip of freezing
 w - a +2 quarterstaff of chaos
 M - a +1 whip of flaming
 Q - a +0 broad axe (weapon)
Missiles
 k - 70 stones
 C - 12 curare-tipped darts
 E - 3 javelins
 G - a throwing net
 J - 3 silver boomerangs
 K - 11 boomerangs
 N - 2 poisoned darts (quivered)
Armour
 b - a +0 scale mail
 c - a +0 buckler
 f - a +0 chain mail (worn)
 x - a +0 cloak (worn)
 y - a +0 kite shield (worn)
 D - a +0 pair of gloves
 H - the +1 pair of gloves of Disaster {Dex+3}
   (You bought it in a shop on level 5 of the Dungeon)

   Dex:       It affects your dexterity (+3).
 P - the +3 ring mail of the Boiling Point {rN++}
   (You took it off a kobold in a bailey)

   rN:        It greatly protects you from negative energy.
Jewellery
 h - a ring of fire (left hand)
 l - a +6 ring of intelligence
 o - the ring "Haiklipn" (right hand) {rC+ Will++ rCorr}
   (You found it on level 9 of the Dungeon)

   [ring of resist corrosion]

   rC:        It protects you from cold.
   rCorr:     It protects you from acid and corrosion.
   Will:      It greatly increases your willpower.
 q - an amulet of magic regeneration
 s - a ring of positive energy
 z - a ring of resist corrosion
 A - a +6 ring of intelligence
 L - a ring of ice
Wands
 v - a wand of flame (11)
 F - a wand of charming (13)
 I - a wand of light (8)
Scrolls
 g - 4 scrolls of teleportation
 n - a scroll of enchant weapon
Potions
 d - 2 potions of might
 e - a potion of haste
 i - a potion of curing
 j - 5 potions of lignification
 m - 2 potions of mutation
 p - a potion of resistance {unknown}
 r - 2 potions of attraction
 u - a potion of magic {unknown}
 B - a potion of invisibility
 O - a potion of ambrosia {unknown}


   Skills:
 * Level 7.2 Fighting
 + Level 8.1 Axes
 + Level 1.4 Throwing
 + Level 6.1 Armour
 + Level 2.9 Dodging
 - Level 0.1 Stealth
 + Level 5.0 Shields
 * Level 6.8 Invocations
 - Level 1.1 Evocations


You had 9 spell levels left.
You didn't know any spells.
Your spell library contained the following spells:

 Spells                   Type           Power      Damage    Failure   Level
 Beastly Appendage        Tmut           0%         N/A       97%         1
 Sandblast                Erth           0%         2d4       97%         1
 Cigotuvi's Dreadful Rot  Necr/Pois/Air  0%         N/A       99%         2
 Passwall                 Tmut/Erth      0%         N/A       99%         2
 Wereblood                Tmut           0%         N/A       99%         2
 Frozen Ramparts          Ice            0%         1d1       100%        3
 Inner Flame              Hex/Fire       0%         N/A       100%        3
 Ozocubu's Armour         Ice            0%         N/A       100%        3
 Spider Form              Tmut/Pois      0%         N/A       100%        3
 Stone Arrow              Conj/Erth      0%         3d7       100%        3
 Cause Fear               Hex            0%         N/A       100%        4
 Dispel Undead            Necr           0%         3d6       100%        4
 Ice Form                 Ice/Tmut       0%         N/A       100%        4
 Summon Ice Beast         Ice/Summ       0%         N/A       100%        4
 Metabolic Englaciation   Hex/Ice        0%         N/A       100%        5
 Death Channel            Necr           0%         N/A       100%        6
 Simulacrum               Ice/Necr       0%         N/A       100%        6
 Discord                  Hex            0%         N/A       100%        8


Dungeon Overview and Level Annotations

Branches:
Dungeon (12/15)            Temple (0/1) D:4             Orc (0/2) D:11
 Bailey (1/1)
   Lair: D:8-11

Altars:
Nemelex Xobeh
Qazlal
Ru

Shops:
D:5 [   D:9 [*   D:11 (

Annotations:
D:3 2 transporters, cforsyth's ghost, amateur HuFi


Innate Abilities, Weirdness & Mutations

You have a pair of small horns on your head.
A weak demonic guardian rushes to your aid.
You are partially covered in sharp spines.
Your movements are less encumbered by armour. (ER -4)


Message History

* * * LOW HITPOINT WARNING * * *
The kobold brigand hits you but does no damage.
You barely miss the orc warrior.
You headbutt the orc warrior, but do no damage.
The orc warrior is almost dead.
You closely miss the kobold brigand. You block the orc warrior's attack.
The kobold brigand closely misses you.
You closely miss the orc warrior.
The orc warrior is almost dead.
You hit the kobold brigand but do no damage.
The orc warrior is engulfed in blazing flames.
You kill the orc warrior!
Qazlal accepts your kill. You block the kobold brigand's attack.
The kobold brigand is struck by your spines.
The kobold brigand hits you but does no damage.
Your Shields skill increases to level 5!
You barely miss the kobold brigand.
The kobold brigand is moderately wounded.
The kobold brigand closely misses you.
You closely miss the kobold brigand. You headbutt the kobold brigand.
The kobold brigand is moderately wounded.
The kobold brigand is struck by your spines.
The kobold brigand hits you with a +0 war axe.
* * * LOW HITPOINT WARNING * * *
You miss the kobold brigand.
The kobold brigand is moderately wounded.
The kobold brigand is struck by your spines.
The kobold brigand barely misses you. You block the kobold brigand's attack.
You hit the kobold brigand.
The kobold brigand is severely wounded.
You block the kobold brigand's attack.
You hit the kobold brigand but do no damage.
The kobold brigand is severely wounded.
You block the kobold brigand's attack.
You barely miss the kobold brigand.
Your headbutt misses the kobold brigand.
The kobold brigand is severely wounded.
The kobold brigand hits you with a +0 war axe!
You die...

#.###~~.......~~##
#....~~.)(....~~..
#####~~.......~~#
##~.......~##
####(..#### #.))#
#(..# #§)K#
##'@'## ##÷.∩..##
#.).....#
#...∩...#
##.....## #######


You could see a kobold brigand.

Vanquished Creatures
  A two-headed ogre (D:9)
  A deep elf pyromancer (D:12)
  An ugly thing (D:11)
  Grinder (D:3)
  A shadow (D:6)
  A wraith (D:12)
  A steam dragon (D:6)
  2 black bears
  2 sky beasts
  4 orc warriors
  An ogre (D:3)
  A centaur (D:6)
  5 kobold brigands (Bailey)
  A bullfrog (D:5)
  2 scorpions
  4 wights
  A howler monkey (D:5)
  2 quasits (D:6)
  An orc priest (D:7)
  3 hounds
  3 jellies
  2 iguanas (D:5)
  2 sleepcaps
  Crazy Yiuf (D:3)
  8 orc wizards
  A gnoll (D:1)
  5 adders
  2 shadow imps
  A white imp (D:6)
  5 ufetubi
  2 worms
  3 dart slugs
  The ghost of relicbr the Sneak, a weakling SpDe (D:5)
  21 orcs
  4 ball pythons
  11 endoplasms
  6 giant cockroaches
  8 goblins
  6 hobgoblins
  14 jackals
  5 quokkas
  6 bats
  5 frilled lizards
  19 kobolds
  4 rats
181 creatures vanquished.

Vanquished Creatures (others)
  4 demonic plants (D:6)
  3 fungi (D:3)
7 creatures vanquished.

Grand Total: 188 creatures vanquished

Notes
Turn   | Place    | Note
-------+----------+-------------------------------------------
     0 | D:1      | jlumianski the Demonspawn Fighter began the quest for the
                  | Orb.
     0 | D:1      | Reached XP level 1. HP: 18/18 MP: 1/1
   298 | D:1      | Gained mutation: Your movements are slightly less
                  | encumbered by armour. (ER -2) [demonic ancestry]
   298 | D:1      | Reached XP level 2. HP: 24/24 MP: 2/2
   489 | D:1      | Reached skill level 2 in Axes
   489 | D:1      | Gained mutation: You are partially covered in sharp spines.
                  | [demonic ancestry]
   489 | D:1      | Reached XP level 3. HP: 17/29 MP: 3/3
   789 | D:2      | Gained mutation: Your movements are less encumbered by
                  | armour. (ER -4) [demonic ancestry]
   789 | D:2      | Reached XP level 4. HP: 33/36 MP: 4/4
  1132 | D:3      | Noticed Grinder
  1149 | D:3      | Paralysed by Grinder for 3 turns
  1152 | D:3      | Killed Grinder
  1153 | D:3      | Reached skill level 4 in Axes
  1153 | D:3      | Reached skill level 1 in Dodging
  1153 | D:3      | Gained mutation: You have a pair of small horns on your
                  | head. [demonic ancestry]
  1153 | D:3      | Reached XP level 5. HP: 38/42 MP: 5/5
  1153 | D:3      | Reached XP level 6. HP: 43/48 MP: 6/6
  1777 | D:2      | Found a faded altar of an unknown god.
  2224 | D:4      | Found a stormy altar of Qazlal.
  2230 | D:4      | Became a worshipper of Qazlal Stormbringer
  2411 | D:3      | Found a transporter.
  2414 | D:3      | Noticed cforsyth's ghost (amateur HuFi)
  2415 | D:3      | Identified the +1 great mace "Xatoc" {heavy, rN+}
  2418 | D:3      | Found a transporter.
  2450 | D:3      | Reached skill level 5 in Axes
  2450 | D:3      | Reached skill level 1 in Invocations
  2450 | D:3      | Reached XP level 7. HP: 55/55 MP: 7/7
  2828 | D:3      | Found a runed translucent door.
  2829 | D:3      | Noticed Crazy Yiuf
  2835 | D:3      | Killed Crazy Yiuf
  3026 | D:4      | Found a staircase to the Ecumenical Temple.
  3086 | D:5      | Entered Level 5 of the Dungeon
  3165 | D:5      | Reached * piety under Qazlal
  3562 | D:5      | Found Jedghonn's Armour Emporium.
  3625 | D:5      | Reached skill level 5 in Fighting
  3625 | D:5      | Reached skill level 1 in Throwing
  3625 | D:5      | Gained mutation: A weak demonic guardian rushes to your
                  | aid. [demonic ancestry]
  3625 | D:5      | Reached XP level 8. HP: 41/62 MP: 8/10
  4014 | D:6      | Reached skill level 6 in Axes
  4340 | D:5      | Found a runed translucent gate.
  4340 | D:5      | Found a runed translucent gate.
  4340 | D:5      | Found a runed translucent gate.
  4343 | D:5      | Noticed relicbr's ghost (weakling SpDe)
  4350 | D:5      | Killed relicbr's ghost
  4607 | D:5      | Bought the +1 pair of gloves of Disaster {Dex+3} for 228
                  | gold pieces
  4815 | D:6      | Found a sacrificial altar of Ru.
  4934 | D:6      | Found a sparkling altar of Nemelex Xobeh.
  4981 | D:7      | Reached skill level 5 in Armour
  5366 | D:6      | Reached XP level 9. HP: 69/69 MP: 12/12
  5396 | D:6      | Reached ** piety under Qazlal
  5624 | D:7      | Reached skill level 5 in Invocations
  5733 | D:9      | Found Galozuol's Assorted Antiques.
  5750 | D:9      | Identified the ring "Haiklipn" {rC+ Will++ rCorr}
  5761 | D:9      | Found Lishat's Armour Shoppe.
  5776 | D:9      | You fall into a shaft and drop 3 floors!
  5810 | D:12     | Noticed a deep elf pyromancer
  5820 | D:12     | Killed a deep elf pyromancer
  5821 | D:12     | Reached skill level 7 in Axes
  6096 | D:11     | Noticed a purple ugly thing
  6096 | D:11     | Found Luum Gua's Weapon Shoppe.
  6109 | D:11     | Killed a purple ugly thing
  6116 | D:11     | Noticed an orc knight
  6128 | D:11     | Found a staircase to the Orcish Mines.
  6166 | D:10     | Entered Level 10 of the Dungeon
  6166 | D:10     | Noticed a two-headed ogre
  6188 | D:8      | Noticed a rime drake
  6199 | D:9      | Found a flagged portal.
  6199 | D:9      | Noticed a two-headed ogre
  6205 | D:9      | Killed a two-headed ogre
  6206 | D:9      | Reached skill level 8 in Axes
  6211 | D:9      | Reached XP level 10. HP: 43/77 MP: 11/15
  6239 | Bailey   | Entered a bailey
  6556 | Bailey   | Identified the +3 ring mail of the Boiling Point {rN++}
  6608 | Bailey   | Reached skill level 1 in Evocations
  6705 | Bailey   | Reached skill level 5 in Shields
  6710 | Bailey   | Slain by a kobold brigand

Illustrated notes

Levels and vault maps discovered:
D:1:      minmay_arrival_widening_spiral_wide, layout_basic,
          corexii_hall_statues_x, chequers_serial_rivers_room_a,
          minmay_box_of_dots
D:2:      layout_loops_ring, shapermc_ecumenical_altar_mp_vishouse,
          kennysheep_path_1
D:3:      layout_basic, gammafunk_ghost_smash, uniq_crazy_yiuf_cottage,
          uniq_grinder
D:4:      layout_cave_pools, lemuel_doored_altar, temple_green
D:5:      layout_basic, serial_shops, nicolae_inconvenience_store,
          ebering_ghost_rock_garden, chequers_serial_rivers_small_a
D:6:      layout_loops_cross, mainiacjoe_overflow_chevrons,
          nicolae_overflow_crystal_walls, serial_demonic, serial_demonic_g,
          serial_demonic_b, serial_demonic_c, serial_demonic_a, serial_demonic_g
D:7:      layout_basic
D:8:      layout_basic, hellmonk_lair_entry_icy, special_room [special_room_orc]
D:9:      layout_cave_pools, amcnicky_altar_gilded,
          mainiacjoe_overflow_brackets, elyvilon_altar_4, serial_shops,
          nicolae_stop_n_shop_1, shop, enter_bailey_2,
          hangedman_abyss_or_decor_lesser_grid
D:10:     cheibrodos_orc_bank, layout_rooms, okawaru_ov_weapons_minmay,
          serial_shops, nicolae_shop_advertising_works
          [nicolae_subvault_shop_adworks], serial_glass, glass_columns_a,
          glass_columns_a, chequers_jeans, introduction_to_nature_2
D:11:     layout_roguey, orc_david_3
D:12:     layout_basic, hellmonk_ghost_big_iron, reono_crystal_passage,
          ebering_dispersal_statue_hall, minmay_puff
Bailey:   bailey_axe_3, bailey

Skill      XL: |  1  2  3  4  5  6  7  8  9 10 |
---------------+-------------------------------+-----
Armour         | 3 4 5 6 |  6.1
Axes           | 2 4 5 6 8 |  8.1
Shields        | 3 4 5 |  5.0
Fighting       | 4 5 6 7 |  7.2
Dodging        | 1 2 |  2.9
Invocations    | 1 2 4 6 |  6.8
Throwing       | 1 |  1.4
Evocations     | 1 |  1.1
Stealth        | |  0.1

Action                     |  1- 3 |  4- 6 |  7- 9 | 10-12 || total
---------------------------+-------+-------+-------+-------++-------
  Melee: War axe           |    92 |   112 |   207 |    58 ||   469
         Headbutt          |       |    12 |    39 |    14 ||    65
         Broad axe         |       |       |       |    16 ||    16
  Throw: Javelin           |       |     9 |     9 |       ||    18
         Stone             |       |     1 |       |       ||     1
         Dart              |       |       |       |     3 ||     3
 Invoke: Upheaval          |       |       |     2 |     1 ||     3
  Evoke: Wand              |       |       |     2 |       ||     2
    Use: Scroll            |       |     3 |     8 |       ||    11
         Potion            |       |     2 |     9 |     1 ||    12
 Armour: Chain mail        |    70 |    58 |   106 |    24 ||   258
  Dodge: Dodged            |    39 |    41 |    71 |    16 ||   167
  Block: Buckler           |    35 |    17 |     2 |       ||    54
         Kite shield       |       |       |   125 |    51 ||   176

Table legend: (Time is in decaauts)
 A = Elapsed time spent in this place.
 B = Non-inter-level travel time spent in this place.
 C = Inter-level travel time spent in this place.
 D = Time resting spent in this place.
 E = Time spent auto-exploring this place.
 F = Levels seen in this place.
 G = Mean time per level.
                   A        B        C        D        E       F      G
               +--------+--------+--------+--------+--------+-----+--------+
         Total |   6872 |   6576 |    296 |    503 |   3242 |  13 |  528.6 |
       Dungeon |   6375 |   6079 |    296 |    232 |   3242 |  12 |  531.2 |
        Bailey |    497 |    497 |      0 |    271 |      0 |   1 |  497.0 |
               +--------+--------+--------+--------+--------+-----+--------+

Top non-repeatable levels by time:
     D:3: 1179 daAuts
     D:5: 1150 daAuts
     D:2: 844 daAuts
     D:1: 810 daAuts
     D:6: 804 daAuts
     D:4: 721 daAuts
  Bailey: 497 daAuts
    D:12: 330 daAuts
     D:7: 298 daAuts
     D:9: 113 daAuts
    D:11: 60 daAuts
     D:8: 58 daAuts
    D:10: 2 daAuts
